Gnofar, neutral male gnomish Wizard ------ |....| -------- |....| `.......| |....-####|......| #-....| #.......| #|.<..| #|......| #------ #--.----- @## # ### # # # # `## ### # # # # ### ## -----------# # -----|--- |..........# ### |....>..| |.........| # |......{| |.........|`## |.......| |..........# `######........| ----------- --------- Gnofar the Conjurer Experience level: 3 Strength: 13 Dexterity: 17 Constitution: 11 Intelligence: 17 Wisdom: 10 Charisma: 10 Health: 17(17) Energy: 25(25) Def: 1 Gold: 260 Moves: 1489 Dungeon seed: jBlkymy6NjTmYbfk Game ID: Gnofar_1543339996 Your Inventory: Coins $ - 260 gold pieces Amulets x - an uncursed amulet of ESP Weapons a - a blessed +1 quarterstaff (weapon in hands) Armor e - an uncursed +0 cloak of magic resistance (being worn) q - an uncursed +0 shield of reflection Scrolls i - an uncursed scroll of identify j - 2 uncursed scrolls of teleportation Spellbooks k - a blessed spellbook of force bolt l - an uncursed spellbook of cure sickness C - an uncursed spellbook of remove curse Potions f - an uncursed potion of healing t - an uncursed potion of enlightenment u - an uncursed potion of paralysis Rings c - an uncursed ring of free action (on left hand) d - an uncursed ring of stealth (on right hand) p - an uncursed ring of poison resistance Wands b - a wand of light (0:15) s - a wand of teleportation (0:6) Tools m - an uncursed bell Gems n - an uncursed worthless piece of black glass r - an uncursed worthless piece of white glass Spells and supernatural/magical abilities: Name Level Category Fail Memory a - force bolt 1 attack 0% 93% K - cure sickness 3 healing 93% 93% W - pray for help -- divine ? -- Your skills at the end: Fighting Skills Weapon Skills quarterstaff [Basic] Spellcasting Skills attack spells [Basic] enchantment spells [Basic] Final Attributes: You were haltingly aligned. You were magic-protected. You were telepathic. You had infravision. You were stealthy. You had free action. You survived. Vanquished creatures: a floating eye a gecko 4 jackals a fox a goblin 4 sewer rats 4 grid bugs 2 bats 3 lichens 2 kobold zombies 3 newts 26 creatures vanquished. Voluntary challenges: You were an atheist. You used a wielded weapon 22 times, starting on turn 24. You read items or engraved 3 times, starting on turn 665. You never genocided any monsters. You never polymorphed an object. You never changed form. You used no wishes. You never split a pudding. You never wrote Elbereth's name. You violated your moral code, losing 14 points of alignment, starting on turn 986. Dungeon overview: The Dungeons of Doom: levels 1 to 3 Level 1 a long staircase Level 2 Level 3 <- You were here a fountain History has recorded: On T:1 you entered the Dungeons of Doom to retrieve the Amulet of Yendor! On T:573 you reached level 2 of The Dungeons of Doom. On T:737 you advanced to experience level 2. On T:977 you advanced to experience level 3. On T:1059 you reached level 3 of The Dungeons of Doom. Score breakdown: Gold: 260 ( 8220 points) Experience: 3 levels ( 7878 points) Exploration: 3 levels ( 6.67%) ( 6396 points) Discoveries: 0 items ( 0.00%) ( 0 points) Valuables value: (no points given unless you survive) Artifact value: 0 ( 0 points) Variety of kills: 11 monsters ( 2.89%) ( 5097 points) Turncount: 1489 turns ( 0 points) Survival: quit (score multiplied by 90%) Total score: 24831 Latest messages: This tastes like water. You hear bubbling water. You faint from lack of food. You come to. You faint from lack of food. You come to. You faint from lack of food. You come to. You kill the lichen! You faint from lack of food. You come to. You faint from lack of food. You come to. You faint from lack of food. You come to. You faint from lack of food. You come to. You faint from lack of food. You come to. You faint from lack of food. You come to. Final status: Goodbye Gnofar the Wizard, quit... You quit in The Dungeons of Doom on dungeon level 3 with 24831 points, and 260 pieces of gold, after 1489 moves. You were level 3 with a maximum of 17 hit points when you quit.